 Dungeon Crawl Stone Soup version 0.32-a0-868-g153ae1a8d6 (webtiles) character file.

Game seed: 15810908656673589426

193 Xavori the Trooper (level 6, -1/50 HPs)
             Began as a Djinni Chaos Knight on Mar 28, 2024.
             Was a Plaything of Xom.
             Splashed by a jelly's acid (10 damage)
             ... on level 5 of the Dungeon.
             The game lasted 00:03:37 (11510 turns).

Xavori the Trooper (Djinni Chaos Knight)           Turns: 11510, Time: 00:03:38

Health: -1/50      AC:  0    Str: 10    XL:     6   Next: 2%
Gold:   33         EV:  8    Int: 17    God:    Xom [...*..] SH: 10 Dex: 14

rFire   + + .        a - +0 falchion (chaos)
rCold   x . .        i - +2 kite shield
rNeg    . . .        b - +2 leather armour
rPois   ∞            (no helmet)
rElec   .            (no cloak)
rCorr   .            (no gloves)
SInv    .            (boots unavailable)
Will    .....        (no amulet)
Stlth   +            (no ring)
HPRegen 0.28/turn    (no ring)
MPRegen 0.00/turn

%: infuse magic (-2 HP)
@: corroded, flying
A: sickness immunity, fire resistance 2, cold vulnerability 1, float, innate
caster, HP casting, extra vitality 1, clever 1, deformed body, robust 1,
teleportitis 2
a: Renounce Religion


You were on level 5 of the Dungeon.
You worshipped Xom.
You were a favourite toy of Xom.
You visited 1 branch of the dungeon, and saw 5 of its levels.

You collected 209 gold pieces.
You spent 176 gold pieces at shops.

Inventory:

Hand Weapons
 a - a +0 falchion of chaos (weapon)
Armour
 b - a +2 leather armour (worn)
 i - a +2 kite shield (worn)
Wands
 w - a wand of roots (10)
Scrolls
 c - a scroll of butterflies
 e - a scroll of teleportation {unknown}
 f - a scroll of enchant armour {unknown}
 j - 2 scrolls of blinking {unknown}
 n - a scroll of identify
 o - a scroll of poison {unknown}
 p - 2 scrolls of vulnerability
 s - a scroll of enchant weapon
 t - a scroll of immolation
Potions
 d - 2 potions of attraction {unknown}
 g - a potion of degeneration {unknown}
 h - 3 potions of curing
 l - 2 potions of berserk rage {unknown}
 m - a potion of mutation {unknown}
 q - 3 potions of magic {unknown}
 r - a potion of lignification {unknown}
 u - a potion of heal wounds
 v - a potion of invisibility
Miscellaneous
 k - a tin of tremorstones (2/2)


   Skills:
 + Level 3.4 Fighting
 + Level 3.1 Long Blades
 + Level 1.9 Armour
 + Level 2.9 Dodging
 * Level 2.0 Shields
 * Level 1.8 Spellcasting
 * Level 1.8 Conjurations
 * Level 1.8 Hexes
   Level 0.0 Charms
 * Level 1.8 Summonings
 * Level 1.8 Necromancy
 * Level 1.8 Translocations
   Level 0.0 Transmutations
 * Level 1.8 Fire Magic
 * Level 1.8 Ice Magic
 * Level 1.8 Air Magic
 * Level 1.8 Earth Magic
 * Level 1.8 Alchemy
 + Level 1.1 Evocations


You knew the following spells:

 Your Spells              Type           Power      Damage    Failure   Level
a - Summon Small Mammal   Summ           28%        N/A       52%         1
b - Momentum Strike       Conj/Tloc      14%        3d8       67%         2
Your spell library was empty.

Dungeon Overview and Level Annotations

Branches:
Dungeon (5/15)
 Temple: D:4-7

Altars:
Dithmenos
Xom

Shops:
D:3 !


Innate Abilities, Weirdness & Mutations

You are immune to sickness and miasma.
You are immune to poison.
Your flesh is very heat resistant. (rF++)
You are vulnerable to cold. (rC-)
You float through the air rather than walking.
You learn spells naturally, not from books.
Your magical power is your life essence.
You have superior vitality. (+4 MHP)
Your mind is acute. (Int +4, Str/Dex -1)
Armour fits poorly on your strangely shaped body.
You are robust. (+10% HP)
You are often teleported next to monsters.


Message History

The gnoll closely misses you.
You closely miss the gnoll.
The gnoll is moderately wounded.
You block the gnoll's attack. x2
You completely miss the gnoll.
The gnoll is moderately wounded.
The gnoll hits you with a +0 quarterstaff!
You hit the gnoll but do no damage.
The gnoll appears confused.
The gnoll is moderately wounded.
The gnoll barely misses you.
The jelly jiggles.
The gnoll hits itself with a +0 quarterstaff.
You hit the gnoll. You freeze the gnoll.
The gnoll is heavily wounded.
The gnoll hits the gnoll with a +0 quarterstaff!
You hit the gnoll. You freeze the gnoll.
The gnoll is severely wounded.
The gnoll closely misses you.
You hit the gnoll.
The gnoll seems to slow down.
The gnoll is almost dead.
The gnoll hits itself with a +0 quarterstaff.
The gnoll is killed!
You hit the gnoll.
You kill the gnoll!
Your Shields skill increases to level 2!
You have reached level 6!
You hit the jelly.
The jelly seems to grow stronger.
Your hands burn!
The jelly is moderately wounded.
The jelly hits you. The acid corrodes you!
You are splashed with acid!
The gnoll hits you from afar with a +0 spear!
* * * LOW HITPOINT WARNING * * *
You block the jelly's attack.
You slash the jelly! You burn the jelly.
Your hands burn!
* * * LOW HITPOINT WARNING * * *
The jelly is almost dead.
You block the gnoll's attack. The jelly hits you.
* * * LOW HITPOINT WARNING * * *
You are splashed with acid!
You die...
Xom giggles madly!

#..............b..>
#..................
#.........).g.....[
#..........†.......
###...#####g...#...
#...#...#[#### ..
#...#.###[# .
#.(.'.###.#
#...#.@Jg.#
#...#.#####
#####...# #...#
#...# #..<# #...#
#...# #...#


You could see a jelly (strong) and a gnoll.

Vanquished Creatures
  A ballistomycete (D:5)
  A hound (D:5)
  An iguana (D:5)
  4 adders
  2 gnolls (D:5)
  A ribbon worm (D:3)
  8 orcs
  3 endoplasms (D:1)
  4 giant cockroaches
  3 goblins
  5 hobgoblins
  2 jackals (D:1)
  2 kobolds (D:3)
  3 quokkas
  4 ball pythons
  3 bats
  3 frilled lizards
  6 rats
56 creatures vanquished.

Vanquished Creatures (collateral kills)
  A rat (D:2)
1 creature vanquished.

Grand Total: 57 creatures vanquished

Notes
Turn   | Place    | Note
-------+----------+-------------------------------------------
     0 | D:1      | Xavori the Djinni Chaos Knight began the quest for the Orb.
     0 | D:1      | Reached XP level 1. HP: 20/20 MP: 0/0
    92 | D:1      | Reached XP level 2. HP: 4/25 MP: 0/0
   383 | D:1      | XOM: silly message
   650 | D:1      | Reached XP level 3. HP: 30/30 MP: 0/0
   650 | D:1      | Learned a level 1 spell: Summon Small Mammal
   861 | D:1      | XOM: summons 2 hostile shadow creatures
  1424 | D:1      | XOM: torment (16/30 hp)
  1641 | D:1      | XOM: draining
  2471 | D:1      | XOM: scenery: 1 doors close
  2531 | D:1      | XOM: divination: detect items
  3093 | D:1      | XOM: scenery: 1 doors open
  3621 | D:1      | XOM: god gift: tin of tremorstones (2/2)
  3829 | D:1      | XOM: cloud trail
  4406 | D:1      | XOM: noise
  4707 | D:1      | XOM: silly message
  4902 | D:1      | XOM: give mutations
  4902 | D:1      | Gained mutation: Armour fits poorly on your strangely
                  | shaped body. [Xom's mischief]
  4902 | D:1      | Gained mutation: You occasionally lose the ability to drink
                  | potions when taking damage. [Xom's mischief]
  4902 | D:1      | Gained mutation: You are dopey. (Int -2) [Xom's mischief]
  4950 | D:1      | XOM: give mutations
  4950 | D:1      | Gained mutation: You are frail. (-10% HP) [Xom's mischief]
  4950 | D:1      | Gained mutation: You have a pair of small horns on your
                  | head. [Xom's mischief]
  5597 | D:1      | XOM: give mutations
  5597 | D:1      | Gained mutation: You are strong-willed. (Will+) [Xom's
                  | mischief]
  5597 | D:1      | Lost mutation: You are dopey. (Int -2) [Xom's mischief]
  5597 | D:1      | Gained mutation: Your mind is acute. (Int +4, Str/Dex -1)
                  | [Xom's mischief]
  5597 | D:1      | Lost mutation: You are frail. (-10% HP) [Xom's mischief]
  6347 | D:1      | XOM: summons 2 hostile demons
  6354 | D:2      | Reached skill level 1 in Spellcasting
  6354 | D:2      | Reached skill level 1 in Conjurations
  6354 | D:2      | Reached skill level 1 in Hexes
  6354 | D:2      | Reached skill level 1 in Summonings
  6354 | D:2      | Reached skill level 1 in Necromancy
  6354 | D:2      | Reached skill level 1 in Translocations
  6354 | D:2      | Reached skill level 1 in Fire Magic
  6354 | D:2      | Reached skill level 1 in Ice Magic
  6354 | D:2      | Reached skill level 1 in Air Magic
  6354 | D:2      | Reached skill level 1 in Earth Magic
  6354 | D:2      | Reached skill level 1 in Alchemy
  6563 | D:1      | XOM: give mutations
  6563 | D:1      | Lost mutation: You have a pair of small horns on your head.
                  | [Xom's mischief]
  6563 | D:1      | Lost mutation: You occasionally lose the ability to drink
                  | potions when taking damage. [Xom's mischief]
  6563 | D:1      | Lost mutation: You are strong-willed. (Will+) [Xom's
                  | mischief]
  6563 | D:1      | Gained mutation: You are occasionally teleported next to
                  | monsters. [Xom's mischief]
  7254 | D:1      | XOM: scenery: 1 doors close
  7380 | D:1      | XOM is BORED!
  7380 | D:1      | XOM: draining
  7658 | D:1      | XOM: scenery: 1 doors open
  8033 | D:1      | XOM: scenery: 1 doors close
  8279 | D:1      | XOM: scenery: 1 doors open
  8433 | D:1      | XOM: scenery: 1 doors close
  8522 | D:1      | XOM: cloud trail
  8594 | D:1      | XOM: scenery: 1 doors open
  8604 | D:1      | XOM: noise
  8985 | D:1      | XOM: cloud trail
  9024 | D:1      | XOM: give mutation
  9024 | D:1      | Gained mutation: You are robust. (+10% HP) [Xom's grace]
  9025 | D:1      | XOM: god gift: gluggy blue potion {god gift}
  9707 | D:1      | XOM: god gift: scroll labelled HEDUTWE IMPI {god gift}
  9980 | D:2      | XOM: 1-stop teleportation journey
  9992 | D:2      | Reached XP level 4. HP: 30/31 MP: 0/0
 10147 | D:2      | Reached skill level 1 in Shields
 10247 | D:2      | XOM: give mutations
 10247 | D:2      | Gained mutation: You are often teleported next to monsters.
                  | [Xom's mischief]
 10355 | D:2      | XOM is BORED!
 10453 | D:2      | Identified the +0 robe of Vermicelli {-Cast +Blink rPois}
 10555 | D:3      | XOM: god gift: 51 gold pieces
 10694 | D:3      | XOM: smoke on damage
 10775 | D:3      | Found Ytitiec's Distillery.
 10785 | D:3      | Bought a potion of heal wounds for 55 gold pieces
 10785 | D:3      | Bought a potion of curing for 33 gold pieces
 10785 | D:3      | Bought a potion of invisibility for 88 gold pieces
 11197 | D:4      | Found a shadowy altar of Dithmenos.
 11246 | D:4      | Found a shimmering altar of Xom.
 11293 | D:5      | Entered Level 5 of the Dungeon
 11319 | D:5      | XOM: confuse monster(s)
 11320 | D:5      | XOM: cast spell 'Summon Ice Beast'
 11331 | D:5      | XOM: butterfly on damage
 11336 | D:5      | Reached skill level 1 in Evocations
 11336 | D:5      | Reached XP level 5. HP: 18/44 MP: 0/0
 11336 | D:5      | Learned a level 2 spell: Momentum Strike
 11509 | D:5      | Reached XP level 6. HP: 32/50 MP: 0/0
 11510 | D:5      | Splashed by a jelly's acid

Illustrated notes

Levels and vault maps discovered:
D:1:      minmay_arrival_open_corners, layout_basic, roderic_lattice_a
D:2:      layout_basic, minmay_crystal_room, minmay_misc_feat_tiny,
          minmay_unequal
D:3:      layout_loops_ring, serial_shops, shop
D:4:      layout_basic, xom_butterflies, mainiacjoe_overflow_boulevard,
          grunt_temple_overflow_open, gammafunk_ghost_gnarly_gnolls, uniq_edmund
D:5:      layout_basic, nicolae_elyvilon_peaceful_grove

Skill      XL: |  1  2  3  4  5 |
---------------+----------------+-----
Spellcasting   | 1 |  1.8
Conjurations   | 1 |  1.8
Hexes          | 1 |  1.8
Summonings     | 1 |  1.8
Necromancy     | 1 |  1.8
Translocations | 1 |  1.8
Fire Magic     | 1 |  1.8
Ice Magic      | 1 |  1.8
Air Magic      | 1 |  1.8
Earth Magic    | 1 |  1.8
Alchemy        | 1 |  1.8
Shields        | 1 2 |  2.0
Long Blades    | 3 |  3.1
Evocations     | 1 |  1.1
Fighting       | |  3.4
Armour         | |  1.9
Dodging        | |  2.9

Action                     |  1- 3 |  4- 6 || total
---------------------------+-------+-------++-------
  Melee: Falchion          |    66 |    97 ||   163
    Use: Scroll            |     1 |     3 ||     4
   Stab: Confused          |       |     2 ||     2
         Sleeping          |       |     1 ||     1
 Armour: Leather armour    |    49 |    43 ||    92
  Dodge: Dodged            |    32 |    32 ||    64
  Block: Kite shield       |    14 |    50 ||    64

Table legend: (Time is in decaauts)
 A = Elapsed time spent in this place.
 B = Non-inter-level travel time spent in this place.
 C = Inter-level travel time spent in this place.
 D = Time resting spent in this place.
 E = Time spent auto-exploring this place.
 F = Levels seen in this place.
 G = Mean time per level.
                   A        B        C        D        E       F      G
               +--------+--------+--------+--------+--------+-----+--------+
         Total |  11573 |  11478 |     95 |   9145 |   1821 |   5 | 2314.6 |
       Dungeon |  11573 |  11478 |     95 |   9145 |   1821 |   5 | 2314.6 |
               +--------+--------+--------+--------+--------+-----+--------+

Top non-repeatable levels by time:
     D:1: 9279 daAuts
     D:2: 1238 daAuts
     D:3: 722 daAuts
     D:4: 206 daAuts
     D:5: 125 daAuts
